 Dungeon Crawl Stone Soup version 0.21.1-1-g345015f (webtiles) character file.

777 CougarLife the Grappler (level 7, -4/67 HPs)
             Began as a Troll Monk on June 5, 2018.
             Was a Priest of Okawaru.
             Slain by an orc
             ... wielding a +0 trident
              (7 damage)
             ... on level 5 of the Dungeon.
             The game lasted 00:05:42 (3610 turns).

CougarLife the Grappler (Troll Monk)                Turns: 3610, Time: 00:05:43

Health: -4/67      AC:  5    Str: 20    XL:     7   Next: 54%
Magic:  6/6        EV: 11    Int: 13    God:    Okawaru [***...]
Gold:   283        SH:  0    Dex: 12    Spells: 6/6 levels left

rFire    . . .     SeeInvis .     - Unarmed
rCold    . . .     Gourm    +   (no shield)
rNeg     . . .     Faith    .   a - +0 robe
rPois    .         Spirit   .   (helmet restricted)
rElec    .         Reflect  .   (no cloak)
rCorr    .         Harm     .   (gloves unavailable)
MR       .....                  (boots unavailable)
Stlth    ++........             (no amulet)
HPRegen  0.61/turn              (no ring)
MPRegen  0.10/turn              (no ring)

@: brilliant, flying, hasted, very quick
A: large, unfitting armour, claws 3, fast metabolism 3, gourmand, regeneration
1, shaggy fur 1, tough skin 2
a: Heroism, Renounce Religion


You were on level 5 of the Dungeon.
You worshipped Okawaru.
Okawaru was most pleased with you.
You were not hungry.

You visited 1 branch of the dungeon, and saw 5 of its levels.
You also visited: Sewer.

You collected 283 gold pieces.

Inventory:

Armour
 a - a +0 robe (worn)
Scrolls
 c - 2 scrolls of identify
 h - a scroll of fog {unknown}
 j - 2 scrolls of remove curse
 k - 2 scrolls of amnesia
 l - a scroll of fear {unknown}
 n - a scroll of enchant weapon {unknown}
 p - a scroll of magic mapping {unknown}
 r - a scroll of blinking {unknown}
Potions
 d - a potion of degeneration {unknown}
 e - 4 potions of curing
 g - 5 potions of haste
 i - a potion of magic {unknown}
 m - a potion of brilliance
 o - a potion of flight
 q - a potion of cancellation {unknown}
Comestibles
 b - 6 rations


   Skills:
 - Level 3.0 Fighting
 - Level 3.2 Dodging
 - Level 1.0 Stealth
 + Level 8.3 Unarmed Combat


You had 6 spell levels left.
You didn't know any spells.

Dungeon Overview and Level Annotations

Branches:
Dungeon (5/15)             Temple (0/1) D:4

Altars:
Cheibriados
Gozag
Hepliaklqana
Okawaru
Ru
Trog
Uskayaw
Xom


Innate Abilities, Weirdness & Mutations

You are too large for most types of armour.
You have claws for hands.
Your metabolism is lightning-fast.
You like to eat raw meat.
Your natural rate of healing is unusually fast.
You are covered in fur. (AC +1)
You have very tough skin. (AC +2)


Message History

You feel better.
The ball python bites you but does no damage.
The orc wizard hits you with a dagger.
* * * LOW HITPOINT WARNING * * *
It was a potion of brilliance.
You feel clever all of a sudden.
The orc hits you from afar with a trident.
* * * LOW HITPOINT WARNING * * *
The orc hits you but does no damage. The orc hits you with a mace.
* * * LOW HITPOINT WARNING * * *
The worker ant bites you but does no damage.
The ball python bites you but does no damage.
It was a potion of flight.
You feel very buoyant.
You fly up into the air.
The orc wizard hits you but does no damage.
The orc hits you with a club.
* * * LOW HITPOINT WARNING * * *
The orc hits you from afar with a trident!
You die...

.. ..? ### ....
####.######....
#..........o...
#..............
#......oao....#
#.((((.@So.....
########......ooo.....
#.....................
##.#####.........#####
#.# #......#### #.#
#......# #.# ........#
#.# .....#### #.#
....#


You could see a worker ant, an orc priest, an orc wizard, 5 orcs and a ball
python.

Vanquished Creatures
  A phantom (D:5)
  A centaur (D:5)
  2 bullfrogs (Sewer)
  A scorpion (D:4)
  A howler monkey (D:4)
  A crimson imp (D:5)
  A quasit (D:5)
  An orc wizard (D:4)
  An iguana (D:2)
  A worker ant (D:5)
  A hound zombie (D:5)
  Robin (D:2)
  7 adders
  3 gnolls (D:4)
  2 river rats (D:4)
  2 worms (D:4)
  2 dart slugs (D:4)
  4 leopard geckos
  8 orcs
  9 bats
  14 giant cockroaches
  11 hobgoblins
  8 kobolds
  3 quokkas
  3 ball pythons
  11 frilled lizards
  14 goblins
  5 rats
119 creatures vanquished.

Notes
Turn   | Place    | Note
-------+----------+-------------------------------------------
     0 | D:1      | CougarLife the Troll Monk began the quest for the Orb.
     0 | D:1      | Reached XP level 1. HP: 22/22 MP: 0/0
   251 | D:1      | Reached XP level 2. HP: 30/31 MP: 1/1
   876 | D:2      | Reached XP level 3. HP: 34/37 MP: 2/2
  1509 | D:2      | Reached XP level 4. HP: 34/45 MP: 3/3
  1556 | D:3      | Reached skill level 4 in Unarmed Combat
  1563 | D:3      | Noticed Robin
  1673 | D:2      | Killed Robin
  1923 | D:3      | Reached XP level 5. HP: 53/53 MP: 4/4
  2208 | D:4      | Found an opulent altar of Gozag.
  2209 | D:4      | Found a snail-covered altar of Cheibriados.
  2209 | D:4      | Found a hazy altar of Hepliaklqana.
  2209 | D:4      | Found a shimmering altar of Xom.
  2209 | D:4      | Found a hide-covered altar of Uskayaw.
  2209 | D:4      | Found a sacrificial altar of Ru.
  2210 | D:4      | Found a snail-covered altar of Cheibriados.
  2211 | D:4      | Found an iron altar of Okawaru.
  2212 | D:4      | Found a shimmering altar of Xom.
  2216 | D:4      | Found a bloodstained altar of Trog.
  2216 | D:4      | Found a snail-covered altar of Cheibriados.
  2216 | D:4      | Found an iron altar of Okawaru.
  2233 | D:4      | Found a staircase to the Ecumenical Temple.
  2238 | D:4      | Became a worshipper of Warmaster Okawaru
  2238 | D:4      | Reached * piety under Okawaru
  2238 | D:4      | Reached ** piety under Okawaru
  2257 | D:4      | Reached skill level 5 in Unarmed Combat
  2384 | D:4      | Reached XP level 6. HP: 52/61 MP: 5/5
  2394 | D:4      | Reached skill level 6 in Unarmed Combat
  2448 | D:4      | Found a glowing drain.
  2484 | Sewer    | Entered a sewer
  2713 | Sewer    | Reached skill level 7 in Unarmed Combat
  3370 | D:5      | Entered Level 5 of the Dungeon
  3384 | D:5      | Reached XP level 7. HP: 54/67 MP: 6/6
  3584 | D:5      | Reached skill level 8 in Unarmed Combat
  3603 | D:5      | Reached *** piety under Okawaru
  3610 | D:5      | HP: 3/67 [orc/club (2)]
  3610 | D:5      | Slain by an orc

Skill      XL: |  1  2  3  4  5  6  7 |
---------------+----------------------+-----
Fighting       | 3 |  3.0
Dodging        | 3 |  3.2
Unarmed Combat | 4 5 7 8 |  8.3
Stealth        | |  1.0

Action                   |  1- 3 |  4- 6 |  7- 9 || total
-------------------------+-------+-------+-------++-------
Melee: Unarmed           |   103 |   186 |    27 ||   316
       Punch             |       |     5 |       ||     5
Invok: Heroism           |       |     2 |       ||     2
  Use: Potion            |       |       |     5 ||     5
       Scroll            |       |       |     2 ||     2
 Stab: Sleeping          |     3 |     3 |       ||     6
       Distracted        |     1 |       |       ||     1
  Eat: Chunk             |    19 |    14 |       ||    33
Armor: Robe              |    37 |    66 |    12 ||   115
Dodge: Dodged            |    39 |   151 |    30 ||   220
